 Dungeon Crawl Stone Soup version 0.17-a0-1368-g6ab37f2 (webtiles) character file.

8603 abixa the Grappler (level 11, -1/105 HPs)
             Began as a Troll Monk on June 12, 2015.
             Was a High Priest of Okawaru.
             Slain by a troll (8 damage)
             ... on level 11 of the Dungeon.
             The game lasted 00:41:55 (10447 turns).

abixa the Grappler (Troll Monk)                    Turns: 10447, Time: 00:41:55

Health: -1/105     AC:  8    Str: 23    XL:     11   Next: 12%
Magic:  1/1        EV: 11    Int:  6    God:    Okawaru [*****.]
Gold:   153        SH:  0    Dex: 19    Spells: 0 memorised, 10 levels left

rFire  + . .     SeeInvis .       - Unarmed
rCold  + . .     Clarity  .     d - +0 robe of the Good {rC+}
rNeg   + . .     SustAt   .     (no shield)
rPois  +         Gourm    +     (helmet restricted)
rElec  .         Spirit   .     S - +2 cloak {MR+}
rCorr  .         Warding  +     (gloves unavailable)
rMut   .         Stasis   .     (boots unavailable)
MR     +....                    H - amulet of warding
Stlth  ++........               U - +4 ring of dexterity
                                R - ring "Pita" {rPois rF+ MP-9 Str+2}

@: somewhat resistant to hostile enchantments, unstealthy
A: unfitting armour, claws 3, fast metabolism 3, gourmand, regeneration 2,
shaggy fur 1, tough skin 2
a: Heroism, Finesse, Renounce Religion


You were on level 11 of the Dungeon.
You worshipped Okawaru.
Okawaru was extremely pleased with you.
You were completely stuffed.

You visited 2 branches of the dungeon, and saw 12 of its levels.
You also visited: Sewer.

You collected 432 gold pieces.
You spent 279 gold pieces at shops.

Inventory:

Hand weapons
 b - a +0 blowgun
 r - a +0 halberd
 X - a +1 flail of protection
 Y - a +0 spear of venom
Missiles
 a - 7 curare-tipped needles
 c - 302 stones
 g - 8 javelins
 z - 81 poisoned needles
 K - 8 tomahawks (quivered)
 L - 3 throwing nets
 Z - 5 large rocks
Armour
 d - the +0 robe of the Good (worn) {rC+}
   (Okawaru gifted it to you on level 9 of the Dungeon)

   It protects you from cold.
 S - a +2 cloak of magic resistance (worn)
Magical staves
 Q - an uncursed staff of air {unknown}
Jewellery
 A - an uncursed amulet of rage
 H - an amulet of warding (around neck)
 R - the ring "Pita" (left claw) {rPois rF+ MP-9 Str+2}
   (You found it on level 10 of the Dungeon)

   [ring of protection from fire]

   It affects your strength (+2).
   It protects you from fire.
   It protects you from poison.
   It affects your magic capacity (-9).
 U - a +4 ring of dexterity (right claw)
 V - an uncursed ring of protection from cold
Magical devices
 t - a wand of fire (7)
 y - a wand of invisibility (4)
 J - a wand of enslavement (16)
 P - a wand of paralysis (13)
Scrolls
 h - 6 scrolls of teleportation
 j - a scroll of magic mapping
 k - 2 scrolls of recharging {unknown}
 l - 4 scrolls of remove curse {unknown}
 p - 2 scrolls of noise {unknown}
 q - 2 scrolls of enchant armour {unknown}
 s - a scroll of immolation {unknown}
 u - 2 scrolls of amnesia {unknown}
 x - a scroll of fog {unknown}
 F - 5 scrolls of random uselessness
 N - 3 scrolls of blinking {unknown}
Potions
 e - 3 potions of heal wounds
 i - a potion of resistance
 m - 2 potions of magic
 n - a potion of flight {unknown}
 o - 3 potions of poison {unknown}
 v - 3 potions of curing
 B - 3 potions of haste {unknown}
 D - 2 potions of brilliance {unknown}
 G - a potion of agility {unknown}
 O - a potion of might {unknown}
 W - a potion of lignification {unknown}
Comestibles
 f - 4 slices of pizza
 w - 4 beef jerkies
 C - 6 meat rations
 E - a royal jelly
 I - 2 chunks of flesh
 M - 10 bread rations


   Skills:
 - Level 6.2 Fighting
 + Level 10.8 Throwing
 - Level 2.4 Dodging
 - Level 1.1 Stealth
 * Level 11.2 Unarmed Combat
 - Level 1.0 Invocations


You had 10 spell levels left.
You didn't know any spells.

Dungeon Overview and Level Annotations

Branches:
Dungeon (11/15)            Temple (1/1) D:4            Lair (0/8) D:8
    Orc: D:9-12

Altars:
Ashenzari
Cheibriados
Dithmenos
Elyvilon
Fedhas
Gozag
Kikubaaqudgha
Makhleb
Nemelex Xobeh
Okawaru
Qazlal
Ru
Sif Muna
Trog
Vehumet
Xom
Yredelemnul
Zin
The Shining One

Shops:
D:10 [

Annotations:
D:7 asdu's ghost, experienced VSSk


Innate Abilities, Weirdness & Mutations

You are too large for most types of armour.
You have claws for hands.
Your metabolism is lightning-fast.
You like to eat raw meat.
You heal very quickly.
You are covered in fur (AC +1).
You have very tough skin (AC +2).


Message History

The troll is lightly wounded.
The troll bites you! The troll closely misses you. The troll barely misses you.
You closely miss the troll.
The troll is lightly wounded.
The troll bites you! The troll claws you.
The troll claws you but does no damage.
You completely miss the troll.
The troll is lightly wounded.
The troll is no longer bleeding.
You scratch the troll.
The troll begins to bleed from its wounds!
The troll is lightly wounded.
The troll barely misses you. The troll claws you! The troll claws you!
* * * LOW HITPOINT WARNING * * *
The troll bites you!
* * * LOW HITPOINT WARNING * * *
The troll claws you!
* * * LOW HITPOINT WARNING * * *
The troll claws you!
You die...

*,,***≈≈≈≈≈≈≈≈*,* *,* *,**
***≈≈≈≈≈*#.# *,* *,*
*≈≈≈≈≈*#.# *,* *,*
***≈***#># *∩* *,* *≈* #.#
*,* *,* *** #.# ***,*** ##,*
#.# *,,,,,* .#.#
#T#####.#**,* ...# #.@.....#
*,* ##)# ######.#####.#**,*
#*.# #......#****,,,,,* ##.#
#.####.#,,,,,,,*,* ..#* #.#
#.#,*******,* >## ##.##
#.#,* *,* .# ##...###.#,***
*,* .########.....##..,,,*
*,*
..>...........##..,,,*****,*


You could see a troll (bleeding).

Vanquished Creatures
  A centaur warrior (D:9)
  An unseen horror (D:10)
  2 hill giants
  2 trolls (D:9)
  4 yaks
  A steam dragon (D:11)
  A hippogriff (D:8)
  5 orc warriors
  Purgy (Sewer)
  4 ice beasts
  A centaur (D:10)
  5 ogres
  A phantom (D:8)
  A black bear (D:8)
  4 sky beasts
  A big kobold (D:10)
  4 giant frogs
  A wyvern zombie (D:9)
  4 scorpions
  12 killer bees
  10 wights
  2 crimson imps
  A centaur zombie (D:6)
  10 orc priests
  2 jellies
  A wasp zombie (D:11)
  A centaur skeleton (D:7)
  A giant frog zombie (D:8)
  2 gnoll shamans
  A hound (D:7)
  14 orc wizards
  9 worker ants
  2 hound skeletons
  3 worker ant zombies
  10 gnolls
  11 adders
  2 shadow imps
  2 oozes (D:3)
  An adder skeleton (D:7)
  A worm (D:3)
  2 giant geckos (D:1)
  46 orcs
  17 bats
  A bat skeleton (D:4)
  9 giant cockroaches
  13 goblins
  10 hobgoblins
  6 jackals
  3 quokkas
  3 giant gecko skeletons
  7 giant newts
  28 kobolds
  2 quokka skeletons
  13 rats
302 creatures vanquished.

Notes
Turn   | Place    | Note
--------------------------------------------------------------
     0 | D:1      | abixa the Troll Monk began the quest for the Orb.
     0 | D:1      | Reached XP level 1. HP: 22/22 MP: 0/0
    64 | D:1      | Reached XP level 2. HP: 27/29 MP: 1/1
   385 | D:1      | Reached skill level 5 in Unarmed Combat
   428 | D:1      | Reached XP level 3. HP: 36/36 MP: 2/2
   828 | D:2      | Found a bloodstained altar of Trog.
  1084 | D:2      | Found a shimmering altar of Xom.
  1283 | D:2      | Found a faded altar to an unknown god.
  1570 | D:3      | Reached XP level 4. HP: 44/44 MP: 3/3
  1790 | D:3      | Found a radiant altar of Vehumet.
  1907 | D:3      | Reached skill level 6 in Unarmed Combat
  1975 | D:3      | Found an iron altar of Okawaru.
  1980 | D:3      | Became a worshipper of Warmaster Okawaru
  1980 | D:3      | Acquired Okawaru's first power
  2050 | D:4      | Reached XP level 5. HP: 32/50 MP: 4/4
  2102 | D:4      | Reached skill level 1 in Invocations
  2237 | D:4      | Found a glowing drain.
  2287 | Sewer    | Entered a sewer
  2351 | Sewer    | Noticed Purgy
  2364 | Sewer    | Killed Purgy
  2364 | Sewer    | Reached XP level 6. HP: 36/61 MP: 2/5
  2699 | D:4      | Reached skill level 7 in Unarmed Combat
  2770 | D:4      | You fall through a shaft!
  2770 | D:5      | Entered Level 5 of the Dungeon
  2934 | D:4      | Found a staircase to the Ecumenical Temple.
  2940 | Temple   | Entered the Ecumenical Temple
  3008 | D:4      | Reached XP level 7. HP: 57/70 MP: 6/6
  3989 | D:5      | Reached skill level 8 in Unarmed Combat
  4181 | D:5      | Found a burning altar of Makhleb.
  4312 | D:5      | Found an opulent altar of Gozag.
  4550 | D:6      | Reached skill level 5 in Fighting
  4700 | D:6      | Reached XP level 8. HP: 52/80 MP: 7/7
  4851 | D:6      | Found a sacrificial altar of Ru.
  4851 | D:6      | Found an ancient bone altar of Kikubaaqudgha.
  5259 | D:7      | Reached skill level 9 in Unarmed Combat
  5926 | D:7      | Reached skill level 1 in Throwing
  6183 | D:7      | Noticed asdu's ghost (experienced VSSk)
  6598 | D:6      | Noticed a hill giant
  6604 | D:6      | Killed a hill giant
  6604 | D:6      | Reached skill level 5 in Throwing
  6604 | D:6      | Reached XP level 9. HP: 43/89 MP: 8/8
  6964 | D:8      | Acquired Okawaru's second power
  6969 | D:8      | Found a staircase to the Lair.
  7166 | D:8      | Found a stormy altar of Qazlal.
  7965 | D:9      | Noticed a centaur warrior
  7976 | D:9      | Killed a centaur warrior
  7976 | D:9      | Received a gift from Okawaru
  7976 | D:9      | Reached XP level 10. HP: 56/98 MP: 9/9
  7980 | D:9      | Received a gift from Okawaru
  8075 | D:9      | Got a faintly glowing robe {god gift}
  8078 | D:9      | Identified the +0 robe of the Good {rC+} (Okawaru gifted it to you on level 9 of the Dungeon)
  8363 | D:9      | Reached skill level 10 in Throwing
  9028 | D:10     | Entered Level 10 of the Dungeon
  9136 | D:10     | Found Dyshil's Armour Shoppe.
  9143 | D:10     | Bought a +2 cloak of magic resistance for 279 gold pieces
  9262 | D:10     | Reached skill level 10 in Unarmed Combat
  9420 | D:10     | Got a slimy jade ring
  9885 | D:10     | Noticed a hill giant
  9890 | D:10     | Killed a hill giant
 10074 | D:10     | Identified the ring "Pita" {rPois rF+ MP-9 Str+2} (You found it on level 10 of the Dungeon)
 10179 | D:10     | Killed an unseen horror
 10179 | D:10     | Reached skill level 11 in Unarmed Combat
 10179 | D:10     | Reached XP level 11. HP: 57/105 MP: 1/10
 10447 | D:11     | Slain by a troll

Vault maps used:
D:1:      dpeg_arrival_round_c, serial_bayou_pond_e
D:2:      lemuel_crystal_altar, lemuel_doored_altar, first_bread,
          ecumenical_altar_1
D:3:      nicolae_overflow_crystal_walls, kennysheep_big_empty_room,
          okawaru_metal_pillars_1_2
D:4:      minmay_temple_entry_fiery, gup_sewer_entry_glass
D:5:      lemuel_coloured_pillars_altar, grunt_gozag_breadcrumbs
D:6:      gammafunk_temple_overflow_pools
D:8:      grunt_qazlal_sundering, lair_0_dummy
D:10:     serial_shops, nicolae_shop_waterfront
D:11:     lab_entry_generic, the_bakery, serial_bayou_lagoon_b
Temple:   circular_temple_12
Sewer:    kennysheep_door_sewer

Action                   |  1- 3 |  4- 6 |  7- 9 | 10-12 || total
-------------------------+-------+-------+-------+-------++-------
Melee: Unarmed           |   102 |   159 |   312 |   204 ||   777
 Fire: Blowgun           |       |       |    38 |    47 ||    85
Throw: Stone             |       |     4 |    40 |    12 ||    56
       Tomahawk          |       |       |       |     5 ||     5
Invok: Heroism           |       |     1 |     1 |       ||     2
Evoke: Wand              |       |       |     1 |       ||     1
  Use: Scroll            |       |       |     6 |     4 ||    10
 Stab: Sleeping          |     3 |     2 |     2 |     2 ||     9
       Distracted        |       |     1 |     1 |     1 ||     3
  Eat: Chunk             |    20 |    10 |    41 |    29 ||   100
